 Dungeon Crawl Stone Soup version 0.28-a0-1624-g820543e53a (webtiles) character file.

Game seed: 13761124039223841639

74 horus123 the Skirmisher (level 4, -8/35 HPs)
             Began as a Human Monk on Jan 23, 2022.
             Mangled by a gnoll (12 damage)
             ... on level 2 of the Dungeon.
             The game lasted 00:02:25 (1267 turns).

horus123 the Skirmisher (Human Monk)                Turns: 1267, Time: 00:02:26

Health: -8/35      AC:  8    Str: 14    XL:     4   Next: 54%
Magic:  4/4        EV:  3    Int: 10    God:
Gold:   24         SH: 12    Dex: 15    Spells: 3/3 levels left

rFire   . . .      SeeInvis .   a - +0 mace
rCold   . . .      Faith    .   e - +0 tower shield
rNeg    . . .      Spirit   .   f - +0 chain mail
rPois   .          Reflect  .   (no helmet)
rElec   .          Harm     .   (no cloak)
rCorr   .          Rampage  .   (no gloves)
Will    .....                   (no boots)
Stlth   ..........              (no amulet)
HPRegen 0.11/turn               (no ring)
MPRegen 0.09/turn               (no ring)

@: no status effects
A: no striking features
a: no special abilities


You were on level 2 of the Dungeon.
You visited 1 branch of the dungeon, and saw 2 of its levels.

You collected 24 gold pieces.

Inventory:

Hand Weapons
 a - a +0 mace (weapon)
Armour
 b - a +0 robe
 d - a +0 ring mail
 e - a +0 tower shield (worn)
 f - a +0 chain mail (worn)
Potions
 c - a potion of might {unknown}
 h - a potion of curing {unknown}


   Skills:
 - Level 3.5 Fighting
 - Level 3.0 Maces & Flails
 + Level 2.1 Armour
 - Level 3.0 Dodging
 - Level 2.0 Stealth
 - Level 2.2 Shields


You had 3 spell levels left.
You didn't know any spells.
Your spell library was empty.

Dungeon Overview and Level Annotations

Branches:
Dungeon (2/15)

Altars:

Shops:
D:1 *


Message History

You block the adder's attack. x2; The adder bites you.
You are poisoned.
The adder poisons you!
You hit the adder.
You kill the adder!
You feel sick.
Your Armour skill increases to level 2!
You feel sick.
You start resting.
You feel sick. x3
You are no longer poisoned.
You start resting.
A gnoll is nearby!
The gnoll shouts!
You block the gnoll's attack. The gnoll hits you with a +0 halberd.
You hit the gnoll.
The gnoll is lightly wounded.
The gnoll completely misses you. You block the gnoll's attack.
You hit the gnoll.
The gnoll is lightly wounded.
The gnoll hits you with a +0 halberd. You block the gnoll's attack.
You hit the gnoll but do no damage.
The gnoll is lightly wounded.
You block the gnoll's attack. The gnoll hits you with a +0 halberd!
* * * LOW HITPOINT WARNING * * *
You hit the gnoll.
The gnoll is moderately wounded.
The gnoll hits you but does no damage.
You sock the gnoll!
The gnoll is severely wounded.
The gnoll barely misses you. You block the gnoll's attack.
You completely miss the gnoll.
The gnoll is severely wounded.
The gnoll hits you with a +0 halberd.
* * * LOW HITPOINT WARNING * * *
The gnoll hits you but does no damage.
You hit the gnoll.
The gnoll is almost dead.
The gnoll hits you with a +0 halberd!
You die...

####### #.....# #######
#.###.# #.....# #.# #
#.###.# #)#
##.###.###.#########
<....#.#........@g.#
##.#.#.#.#.#######.#
#.#.#.#.#.##....#.#.#
#.#.#.#.#.##.#......
#.#...#.........# ###
##.#####.####g...#....#
#........# ##......#
#.......## #.#......#
#.......# #.#.##....


You could see a gnoll.

Vanquished Creatures
  4 gnolls
  An adder (D:2)
  A dart slug (D:1)
  A ball python (D:1)
  6 endoplasms (D:1)
  A giant cockroach (D:1)
  2 goblins (D:1)
  2 hobgoblins (D:1)
  A kobold (D:1)
  5 bats (D:1)
  2 frilled lizards (D:1)
26 creatures vanquished.

Notes
Turn   | Place    | Note
-------+----------+-------------------------------------------
     0 | D:1      | horus123 the Human Monk began the quest for the Orb.
     0 | D:1      | Reached XP level 1. HP: 18/18 MP: 1/1
   133 | D:1      | Found Ilobiatz's Assorted Antiques.
   309 | D:1      | Reached XP level 2. HP: 18/24 MP: 2/2
   493 | D:1      | Reached skill level 1 in Shields
   754 | D:1      | Reached XP level 3. HP: 26/29 MP: 3/3
  1171 | D:2      | Reached skill level 1 in Armour
  1171 | D:2      | Reached XP level 4. HP: 28/35 MP: 4/4
  1267 | D:2      | Mangled by a gnoll

Illustrated notes

Levels and vault maps discovered:
D:1:      scummos_arrival_forest, layout_basic, serial_shops, shop,
          minmay_pentomino_u2
D:2:      layout_basic

Skill      XL: |  1  2  3  4 |
---------------+-------------+-----
Shields        | 1 2 |  2.2
Armour         | 1 2 |  2.1
Fighting       | |  3.5
Maces & Flails | |  3.0
Dodging        | |  3.0
Stealth        | |  2.0

Action                   |  1- 3 |  4- 6 || total
-------------------------+-------+-------++-------
Melee: Mace              |   105 |    23 ||   128
       Punch             |     1 |       ||     1
  Use: Scroll            |     1 |       ||     1
Armor: Robe              |     5 |       ||     5
       Chain mail        |    52 |     9 ||    61
       Ring mail         |     2 |       ||     2
Dodge: Dodged            |    28 |     6 ||    34
Block: Tower shield      |    67 |    21 ||    88

Table legend: (Time is in decaauts)
 A = Elapsed time spent in this place.
 B = Non-inter-level travel time spent in this place.
 C = Inter-level travel time spent in this place.
 D = Time resting spent in this place.
 E = Time spent auto-exploring this place.
 F = Levels seen in this place.
 G = Mean time per level.
                   A        B        C        D        E       F      G
               +--------+--------+--------+--------+--------+-----+--------+
         Total |   1339 |   1310 |     29 |    463 |    480 |   2 |  669.5 |
       Dungeon |   1339 |   1310 |     29 |    463 |    480 |   2 |  669.5 |
               +--------+--------+--------+--------+--------+-----+--------+

Top non-repeatable levels by time:
     D:1: 1161 daAuts
     D:2: 178 daAuts
